Map: Prion Terraces

Players

Miszu - Winner!

  • Race: Terran Terran
  • League: Grandmaster

Nedi

  • Race: Zerg Zerg
  • League: Grandmaster

VOD

Have the link to the VOD?

Description

Time

  • Played on: Feb. 8, 2016, 1:03 p.m.
  • Length: 8:40
Show
View Real Time Build Order
Export as new Build Order

Miszu Terran - Winner!

Build Orders: MMM Bio 

Get SALT Encoding   

  12  0:00  SCV  
  13  0:13  SCV  
  14  0:18  Supply Depot  
  14  0:25  SCV  
  15  0:40  SCV  
  15  0:42  Barracks  
  16  0:45  Refinery  
  16  0:52  SCV  
  17  1:00  Barracks  
  17  1:04  SCV  
  18  1:16  SCV  
  19  1:28  Orbital Command  
  19  1:31  Barracks  
  19  1:35  Reaper  
  20  1:48  Reaper  
  20  1:51  Supply Depot  
  21  1:54  SCV  
  21  1:56  Refinery  
  22  2:06  SCV  
  23  2:13  Reaper  
  24  2:17  Supply Depot  
  24  2:18  SCV  
  25  2:23  Reaper  
  26  2:30  SCV  
  26  2:32  Reaper  
  28  2:42  SCV  
  29  2:45  Reaper  
  30  2:54  Command Center  
  30  2:55  Reaper, SCV  
  32  3:04  Reaper  
  33  3:08  SCV  
  33  3:27  Reaper  
  33  3:28  SCV  
  35  3:38  Reaper, Barracks Tech Lab  
  35  3:40  SCV  
  37  3:42  Command Center  
  37  3:52  SCV  
  38  3:56  Bunker  
  38  4:04  SCV  
  38  4:07  Barracks Tech Lab  
  38  4:08  Marine  
  40  4:12  Barracks Reactor  
  40  4:13  Stimpack  
  40  4:14  Orbital Command  
  40  4:16  SCV  
  41  4:25  Marine  
  41  4:26  Marine  
  41  4:29  SCV  
  44  4:36  Factory  
  44  4:41  SCV  
  44  4:43  Marine  
  44  4:44  Marine  
  47  4:49  Marine  
  47  4:50  Marine  
  47  4:51  SCV  
  50  4:53  SCV  
  50  4:59  Barracks  
  51  5:00  Barracks  
  51  5:01  Marine  
  51  5:06  SCV  
  52  5:10  Marine  
  52  5:11  Marine x2  
  52  5:13  SCV  
  57  5:15  Orbital Command  
  57  5:18  SCV  
  57  5:19  Marine  
  58  5:26  Starport, Factory Reactor  
  56  5:28  Marine  
  56  5:29  Marine x2, SCV  
  60  5:37  Marine  
  61  5:46  Marine  
  61  5:47  Marine x2  
  64  5:55  Marine  
  67  5:58  Barracks Reactor x2, SCV  
  67  5:59  SCV  
  67  6:00  SCV  
  67  6:02  Refinery  
  67  6:04  Refinery, Marine  
  68  6:05  Engineering Bay x2  
  69  6:12  Factory Tech Lab  
  69  6:15  Refinery  
  69  6:16  Refinery  
  69  6:22  Supply Depot, Marine x2, Medivac x2, SCV x2  
  77  6:29  Supply Depot  
  77  6:30  Supply Depot  
  77  6:31  Terran Infantry Weapons Level 1, Terran Infantry Armor Level 1  
  77  6:38  Supply Depot  
  77  6:39  Supply Depot, Combat Shields  
  77  6:43  Marine x4, SCV x3  
  84  6:52  Marine  
  84  6:53  Supply Depot  
  85  6:55  SCV x2  
  85  6:56  Supply Depot, Marine x2  
  85  6:59  Marine  
  85  7:01  Marine x2  
  90  7:02  Marine x2  
  90  7:06  Siege Tank  
  90  7:07  SCV x2  
  100  7:08  SCV  
  100  7:10  Marine  
  100  7:15  Marine x2  
  102  7:17  Marine  
  102  7:19  Marine x2, SCV  
  102  7:20  Marine  
  106  7:27  Marine  
  106  7:28  Marine  
  102  7:33  Marine x2  
  102  7:35  Marine  
  105  7:37  Marine  
  105  7:38  Marine x2  
  105  7:39  Siege Tank  
  105  7:41  SCV x3  
  105  7:42  Armory  
  110  7:45  Marauder  
  110  7:48  Marine  
  110  7:51  Marine  
  109  7:53  SCV  
  109  7:56  Marine, Marauder  
  109  7:57  Marine x3  
  116  8:00  Medivac  
  117  8:06  Marine, Marauder  
  117  8:08  Marine  
  116  8:13  Marine  
  116  8:14  Marine  
  116  8:15  Marine x2  
  116  8:18  Marauder  
Show
View Real Time Build Order
Export as new Build Order

Nedi Zerg 

Build Orders: Hatch First 

Get SALT Encoding   

  12  0:01  Drone  
  13  0:09  Drone  
  14  0:17  Overlord  
  14  0:23  Extractor, Drone  
  15  0:35  Drone  
  16  0:36  Drone  
  17  0:55  Drone, Hatchery  
  17  1:09  Extractor  
  17  1:10  Spawning Pool  
  15  1:12  Drone  
  15  1:17  Drone  
  17  1:19  Drone  
  18  1:27  Drone  
  19  1:38  Overlord  
  19  1:50  Drone  
  20  1:57  Queen  
  22  2:03  Zergling x2  
  22  2:07  Queen  
  22  2:08  Zergling x2  
  26  2:13  Metabolic Boost  
  26  2:15  Drone  
  27  2:18  Overlord  
  27  2:24  Drone  
  27  2:29  Drone  
  29  2:32  Queen  
  31  2:42  Drone  
  31  2:43  Queen  
  34  2:48  Drone x2  
  34  2:51  Drone  
  38  2:58  Zergling x2  
  38  3:00  Roach Warren  
  37  3:08  Zergling x8  
  40  3:21  Drone x5  
  43  3:29  Overlord  
  43  3:30  Overlord  
  41  3:40  Roach  
  43  3:44  Overlord  
  43  3:46  Extractor  
  42  3:49  Roach  
  42  3:50  Roach  
  42  3:53  Roach  
  50  3:55  Roach  
  50  4:01  Extractor  
  48  4:06  Drone x2  
  48  4:09  Drone x2  
  48  4:11  Drone  
  48  4:14  Drone  
  50  4:18  Drone  
  50  4:19  Drone x2  
  50  4:20  Drone  
  54  4:24  Drone  
  54  4:30  Ravager x2  
  57  4:31  Drone  
  57  4:34  Extractor  
  57  4:37  Overlord  
  57  4:38  Drone x2  
  59  4:46  Roach x2  
  59  4:50  Roach  
  59  4:51  Roach  
  59  4:52  Drone  
  68  4:57  Roach  
  70  5:03  Roach x2  
  70  5:06  Roach  
  76  5:10  Lair  
  76  5:14  Overlord  
  76  5:18  Evolution Chamber  
  75  5:22  Evolution Chamber  
  70  5:29  Drone x2  
  70  5:33  Drone  
  71  5:36  Drone x2  
  71  5:37  Drone x3  
  71  5:42  Drone  
  77  5:43  Drone  
  77  5:48  Zerg Missile Weapons Level 1  
  78  6:00  Drone  
  78  6:01  Zerg Ground Armor Level 1  
  79  6:05  Roach  
  79  6:09  Ravager  
  79  6:10  Glial Reconstitution  
  82  6:12  Roach  
  82  6:13  Hatchery  
  82  6:15  Overlord  
  82  6:16  Overlord  
  83  6:19  Ravager  
  83  6:24  Overlord x2  
  84  6:26  Overlord  
  84  6:31  Overlord  
  84  6:34  Roach  
  84  6:35  Roach  
  84  6:37  Roach  
  90  6:43  Roach x2  
  90  6:44  Roach  
  98  6:47  Roach  
  98  6:56  Roach x4  
  98  6:59  Roach  
  98  7:00  Roach  
  110  7:05  Roach x2  
  110  7:07  Roach  
  116  7:10  Roach  
  116  7:13  Queen  
  120  7:18  Roach  
  120  7:24  Roach x3  
  120  7:26  Roach  
  120  7:28  Roach  
  124  7:30  Roach  
  124  7:35  Roach  
  124  7:37  Roach  
  128  7:38  Ravager  
  128  7:39  Ravager x2  
  128  7:41  Ravager  
  128  7:42  Ravager  
  128  7:43  Ravager  
  134  7:47  Ravager  
  134  7:49  Roach  
  137  7:53  Overlord x2  
  137  7:58  Overlord x2  
  136  8:06  Overseer  
  136  8:08  Roach x2  
  137  8:13  Roach x3  
  137  8:16  Roach  
  138  8:20  Roach x2  
Tags
 
Add a new tag
Caveats
  • Supply blocks, unpowered buildings, or Contaminate may cause inaccurate times.
  • Supply counts are checked every 10 seconds.